Map: Ultralove

Players

WeAreLegion

  • Race: Terran Terran
  • League: Silver
  • Spawn Location: 1:00

A.I. 1 (Elite) - Winner!

  • Race: Protoss Protoss
  • Spawn Location: 7:00

VOD

Have the link to the VOD?

Description

Time

  • Played on: Dec. 7, 2024, 1:01 p.m.
  • Length: 11:19
Show
View Real Time Build Order
Export as new Build Order

WeAreLegion Terran 

Build Orders: Reaper Expand 

Get SALT Encoding   

  12  0:00  SCV  
  13  0:12  SCV  
  14  0:18  Supply Depot  
  14  0:27  SCV  
  15  0:41  Barracks  
  15  0:47  Refinery  
  15  0:48  SCV  
  16  1:00  SCV  
  17  1:12  SCV  
  18  1:28  Orbital Command  
  18  1:31  Reaper  
  19  1:51  Supply Depot  
  19  1:57  SCV  
  20  2:04  Command Center  
  20  2:09  SCV  
  20  2:10  Factory  
  20  2:14  Marine  
  22  2:22  SCV  
  23  2:29  Refinery  
  23  2:34  SCV, Barracks Reactor  
  24  2:46  SCV  
  26  2:58  SCV  
  26  3:09  Hellion  
  26  3:11  Marine x2  
  26  3:12  SCV  
  31  3:24  SCV  
  31  3:27  Orbital Command  
  32  3:28  Marine  
  33  3:36  SCV  
  33  3:37  Starport  
  34  3:42  Hellion  
  34  3:43  Marine  
  34  3:46  Marine  
  34  3:48  SCV  
  39  4:00  SCV  
  39  4:01  Marine  
  41  4:07  Marine, Factory Tech Lab  
  42  4:12  SCV  
  42  4:15  Barracks x2  
  43  4:18  Starport Reactor  
  43  4:19  Marine  
  43  4:23  SCV  
  45  4:24  SCV  
  46  4:45  Supply Depot  
  46  4:47  Supply Depot  
  46  4:52  Engineering Bay  
  46  4:58  Refinery  
  46  5:00  Barracks  
  46  5:06  SCV x2, Marine x2, Siege Tank  
  53  5:07  Barracks  
  53  5:14  Marine  
  53  5:18  SCV x2  
  53  5:20  Marine x2  
  57  5:24  Marine x2  
  59  5:31  SCV x2, Marine  
  62  5:36  Refinery  
  62  5:45  Starport Reactor  
  62  5:56  SCV x2, Marine x4  
  69  6:02  Barracks Reactor  
  69  6:05  Barracks Tech Lab  
  69  6:07  Factory Tech Lab  
  69  6:08  SCV  
  69  6:11  SCV  
  70  6:23  Terran Infantry Weapons Level 1  
  70  6:35  Supply Depot  
  70  6:41  Supply Depot  
  70  6:49  Command Center  
  70  6:51  Combat Shield, Stimpack  
  70  6:56  Siege Tank, Marine x5  
  78  7:02  Supply Depot, SCV x2, Marine x3  
  78  7:03  Supply Depot  
  83  7:14  Marine x3  
  86  7:23  Marine x5  
  86  7:26  Supply Depot  
  86  7:27  Supply Depot  
  91  7:32  Marine x2, Marauder  
  91  7:33  Armory  
  95  7:41  Marine x3  
  95  7:42  Marauder  
  95  7:43  Marine  
  101  7:48  Medivac  
  101  7:50  Marine x2  
  105  7:52  Medivac  
  105  7:54  Marauder  
  109  7:59  Marine x2  
  109  8:03  Marauder  
  113  8:15  Marauder  
  113  8:18  Terran Infantry Armor Level 1  
  115  8:22  SCV x2  
  115  8:24  Marauder  
  115  8:25  Siege Tank  
  115  8:26  Medivac x2  
  126  8:28  Marine x2  
  126  8:29  Marine  
  128  8:34  SCV x2  
  128  8:35  Terran Vehicle Weapons Level 1  
  128  8:36  Marauder  
  128  8:40  Engineering Bay  
  132  8:43  Armory  
  132  8:46  SCV  
  133  9:03  SCV  
  133  9:30  Supply Depot, Marine x2  
  133  9:31  SCV, Marine x4, Medivac, Marauder, Siege Tank  
  141  9:32  Marauder  
  141  9:35  SCV  
  148  9:43  SCV  
  148  9:45  Supply Depot  
  140  9:47  SCV  
  140  9:48  Marine x2  
  140  9:49  Marine x4  
  140  9:52  Marauder  
  129  9:53  Supply Depot, Marauder  
  129  9:55  SCV  
  129  9:59  SCV  
  102  10:06  Marine x2  
  94  10:08  Supply Depot  
  94  10:14  Marauder x2  
  96  10:16  Supply Depot  
  93  10:23  Marine x3  
  93  10:24  Marine x3  
  93  10:26  Siege Tank  
  93  10:27  Medivac  
  99  10:31  Orbital Command, Supply Depot  
  99  10:35  Marauder  
  94  10:36  Marauder  
  94  10:41  Marine x4  
  94  10:42  Marine x2  
  87  10:56  Marauder  
  85  10:57  Marauder  
Show
View Real Time Build Order
Export as new Build Order

A.I. 1 (Elite) Protoss - Winner!

Build Orders: 1 Gate Expand, Zealot Archon 

Get SALT Encoding   

  12  0:00  Probe  
  13  0:13  Probe  
  14  0:19  Pylon  
  14  0:25  Probe  
  15  0:33  Probe  
  15  0:42  Probe  
  16  0:47  Assimilator  
  17  0:50  Gateway  
  17  0:52  Probe  
  18  1:00  Pylon, Probe  
  19  1:08  Probe  
  19  1:18  Probe  
  21  1:30  Probe  
  22  1:38  Nexus  
  22  1:42  Probe  
  22  1:44  Zealot  
  25  1:58  Cybernetics Core  
  25  2:08  Gateway  
  25  2:14  Zealot  
  25  2:16  Pylon  
  25  2:21  Warp Gate  
  25  2:22  Probe  
  28  2:34  Assimilator, Probe  
  29  2:41  Adept  
  31  2:46  Probe  
  31  2:50  Probe  
  33  2:55  Adept  
  35  3:01  Adept  
  35  3:04  Probe, Pylon  
  38  3:20  Probe  
  38  3:22  Stalker, Probe  
  42  3:32  Probe  
  43  3:34  Probe  
  43  3:38  Robotics Facility  
  44  3:44  Adept, Probe  
  44  3:46  Probe  
  48  3:53  Adept  
  50  3:56  Probe  
  50  3:58  Probe  
  52  4:03  Pylon  
  52  4:08  Probe x2  
  53  4:16  Probe  
  54  4:20  Probe  
  54  4:22  Stalker  
  58  4:25  Probe  
  58  4:26  Immortal  
  58  4:28  Pylon  
  63  4:32  Stalker, Probe  
  63  4:37  Probe  
  67  4:41  Robotics Facility  
  67  4:45  Probe  
  68  4:46  Stalker  
  68  4:51  Probe  
  70  4:56  Immortal  
  70  4:57  Probe  
  72  5:00  Pylon  
  72  5:05  Pylon  
  76  5:10  Stalker  
  78  5:18  Stalker, Probe x2  
  82  5:25  Assimilator  
  82  5:27  Twilight Council  
  82  5:34  Sentry  
  82  5:35  Pylon  
  84  5:37  Assimilator  
  84  5:44  Gateway  
  84  5:48  Probe x2  
  86  5:56  Probe  
  86  6:01  Probe  
  88  6:05  Pylon  
  88  6:08  Templar Archives  
  88  6:10  Forge  
  88  6:13  Forge  
  88  6:21  Nexus  
  88  6:37  Stalker  
  90  6:41  Zealot, Protoss Ground Weapons Level 1  
  90  6:42  Gateway  
  90  6:45  High Templar  
  94  6:52  Pylon  
  94  6:53  Sentry  
  96  6:54  Pylon  
  96  7:02  High Templar  
  96  7:04  Photon Cannon  
  96  7:05  Protoss Ground Armor Level 1  
  98  7:12  Observer  
  98  7:14  Photon Cannon  
  99  7:18  Warp Prism, Pylon  
  99  7:20  Archon  
  101  7:26  High Templar  
  103  7:30  Warp Prism  
  103  7:33  Probe x3  
  103  7:35  Gateway  
  108  7:41  High Templar  
  108  7:44  Assimilator  
  110  7:45  Probe  
  110  7:46  Probe x2, Pylon  
  110  7:47  Photon Cannon  
  113  7:51  Photon Cannon  
  113  7:52  Assimilator  
  113  7:57  Archon, Probe x2  
  113  7:58  Probe, High Templar  
  118  8:07  Probe, Photon Cannon  
  118  8:09  Probe, High Templar  
  118  8:10  Probe, Pylon  
  118  8:12  Psionic Storm  
  123  8:19  Probe  
  123  8:21  Probe  
  123  8:23  Probe  
  123  8:26  Stalker  
  128  8:29  Stalker  
  128  8:31  Probe x2  
  128  8:32  Stalker  
  128  8:33  Probe  
  134  8:39  Archon  
  135  8:41  Photon Cannon  
  135  8:42  High Templar  
  137  8:50  Protoss Ground Weapons Level 2  
  137  8:52  Blink, High Templar  
  137  8:54  Gateway  
  139  8:58  Nexus  
  139  9:10  Archon  
  139  9:13  Zealot  
  139  9:16  Zealot  
  143  9:19  High Templar  
  143  9:21  Zealot  
  143  9:23  Pylon  
  147  9:30  High Templar  
  149  9:35  Sentry, Photon Cannon  
  151  9:38  Stalker  
  151  9:40  Immortal  
  151  9:41  Zealot  
  153  9:47  Zealot, Pylon  
  153  9:48  Zealot  
  133  9:58  Zealot  
  121  10:01  Zealot, Sentry  
  121  10:02  Zealot, Adept  
  125  10:07  Observer  
  125  10:08  High Templar  
  125  10:09  Gateway  
  125  10:13  Observer  
  128  10:18  Zealot  
  128  10:20  Assimilator, Nexus  
  125  10:21  Zealot  
  125  10:22  Stalker, Pylon  
  125  10:23  Assimilator, Stalker  
  125  10:24  Stalker  
  117  10:38  Zealot  
  117  10:40  Adept  
  117  10:42  Sentry  
  121  10:43  Photon Cannon  
  121  10:45  Adept  
  121  10:46  Stalker, Pylon  
  121  10:47  Sentry  
  125  10:55  Stalker  
  119  10:58  Zealot  
  119  11:02  Photon Cannon  
  119  11:03  Stalker  
  117  11:04  Robotics Facility  
  117  11:05  High Templar  
  117  11:07  Stalker  
  117  11:09  Stalker  
  119  11:11  Stalker  
  119  11:14  Stalker  
  123  11:19  Adept  
Tags
 
Composition
Zealot Archon
League
Silver
Matchup
PvT
Replay Pack
December
Spawn Locations
Cross Positions
Add a new tag
Caveats
  • Supply blocks, unpowered buildings, or Contaminate may cause inaccurate times.
  • Supply counts are checked every 10 seconds.